 Dungeon Crawl Stone Soup version 0.30-a0-870-gc5d4c5acee (webtiles) character file.

Game seed: 14526596503315390965

132 Gerhazo the Conjurer (level 4, -2/24 HPs)
             Began as a Deep Elf Conjurer on Mar 11, 2023.
             Killed from afar by an orc wizard (8 damage)
             ... with a magic dart
             ... on level 4 of the Dungeon.
             The game lasted 00:02:02 (1623 turns).

Gerhazo the Conjurer (Deep Elf Conjurer)            Turns: 1623, Time: 00:02:02

Health: -2/24      AC:  2    Str: 10    XL:     4   Next: 92%
Magic:  3/12       EV: 12    Int: 25    God:
Gold:   92         SH:  0    Dex: 13    Spells: 9/12 levels left

rFire   . . .      SeeInvis .    (no weapon)
rCold   . . .      Faith    .    (no shield)
rNeg    . . .      Spirit   .    a - +0 robe
rPois   .          Reflect  .    (no helmet)
rElec   .          Rampage  .    (no cloak)
rCorr   .                        (no gloves)
Will    .....                    (no boots)
Stlth   ++                       (no amulet)
HPRegen 0.24/turn                k - +6 ring of strength
MPRegen 0.13/turn                (no ring)

@: no status effects
A: no striking features
a: no special abilities


You were on level 4 of the Dungeon.
You visited 1 branch of the dungeon, and saw 4 of its levels.

You collected 92 gold pieces.

Inventory:

Missiles
 n - 2 curare-tipped darts
Armour
 a - a +0 robe (worn)
Magical Staves
 m - a staff of air
Jewellery
 k - a +6 ring of strength (left hand)
Scrolls
 c - a scroll of vulnerability {unknown}
 d - 4 scrolls of teleportation {unknown}
 e - 4 scrolls of identify {unknown}
 l - a scroll of magic mapping {unknown}
Potions
 b - a potion of magic
 f - a potion of berserk rage {unknown}
 g - 2 potions of heal wounds {unknown}
 h - a potion of brilliance {unknown}
 i - a potion of attraction {unknown}
 j - 2 potions of mutation {unknown}


   Skills:
 - Level 2.4 Dodging
 - Level 2.4 Stealth
 + Level 4.6 Spellcasting
 * Level 6.2 Conjurations


You had 9 spell levels left.
You knew the following spells:

 Your Spells              Type           Power      Damage    Failure   Level
a - Magic Dart            Conj           100%       1d8       1%          1
b - Searing Ray           Conj           72%        2d7       1%          2

Your spell library contained the following spells:

 Spells                   Type           Power      Damage    Failure   Level
 Dazzling Flash           Conj/Hex       42%        N/A       7%          3
 Fulminant Prism          Conj/Hex       10%        3d8       24%         4
 Iskenderun's Mystic Bla  Conj/Tloc      21%        2d6       24%         4


Dungeon Overview and Level Annotations

Branches:
Dungeon (4/15)
 Temple: D:4-7

Altars:

Shops:
D:3 [   D:4 *


Message History

The orc wizard is lightly wounded. (Press . to maintain the ray.)
The searing ray hits the orc wizard.
The orc wizard is severely wounded.
The orc wizard casts a spell at you. The magic dart hits you!
The searing ray misses the orc wizard.
The orc wizard casts a spell at you.
You are confused.
You're too confused to cast spells.
The orc wizard completely misses you.
The orc wizard gestures wildly while chanting.
The orc wizard flickers and vanishes!
Deactivating autopickup; reactivate with Ctrl-A.
You're too confused to cast spells.
You bump into the stone wall.
Something hits you.
You bump into the stone wall.
You feel less confused.
You hear some strange, mumbled words.
A puff of flame appears from out of thin air!
The puff of flame hits you! Something hits you.
* * * LOW HITPOINT WARNING * * *
Aiming: Searing Ray (safe; 1% risk of failure)
Press: ? - help, Q - select action, (/) - cycle Shift-Dir - straight line (Press . to maintain the ray.)
Something hits you.
* * * LOW HITPOINT WARNING * * *
Unknown command.
Something hits you.
* * * LOW HITPOINT WARNING * * *
The searing ray hits something.
You hear some strange, mumbled words.
A puff of flame appears from out of thin air!
The puff of flame misses you.
You finish channelling your searing ray.
You hear some strange, mumbled words.
A magic dart appears from out of thin air!
The magic dart hits you!
You die...

##.####...###.# #####....
.#.# ##....#..# ##### )..#
#.......#### #
...###.###......## .......#
#.......#
#####..###.....#.## #
##.....#...#..# ###### #
#.#..##)..##.# #....# #
#.#..##...{@.###.##.##### ##
#.#...#...#......##.....##
.#
#.#.#..)..#.....##.......##
.#
#...##....####............#
.#
##).####......#.....†......#
.# #..##
##.#.#...##.........## .##
#..# #.#..##.##..........#
..###..#
#.##.##..#...........
#.....##
#..#[#...#.........#.


There were no monsters in sight!

Vanquished Creatures
  A phantom (D:4)
  2 adders (D:4)
  A worm (D:4)
  3 dart slugs
  2 orcs (D:4)
  2 ball pythons (D:4)
  A bat (D:3)
  2 endoplasms
  A giant cockroach (D:1)
  3 goblins
  A hobgoblin (D:1)
  2 quokkas
  5 kobolds
  A rat (D:3)
27 creatures vanquished.

Notes
Turn   | Place    | Note
-------+----------+-------------------------------------------
     0 | D:1      | Gerhazo the Deep Elf Conjurer began the quest for the Orb.
     0 | D:1      | Reached XP level 1. HP: 10/10 MP: 6/6
   312 | D:1      | Reached XP level 2. HP: 15/15 MP: 5/8
   319 | D:1      | Learned a level 2 spell: Searing Ray
   520 | D:3      | Reached skill level 5 in Conjurations
   741 | D:3      | Found Pacetarph's Antique Armour Shoppe.
  1031 | D:4      | Reached XP level 3. HP: 19/19 MP: 6/10
  1151 | D:4      | Found Cextosop's Gadget Gallery.
  1207 | D:4      | Noticed a phantom
  1217 | D:4      | Killed a phantom
  1218 | D:4      | Reached skill level 6 in Conjurations
  1218 | D:4      | Reached XP level 4. HP: 15/24 MP: 0/12
  1623 | D:4      | Killed from afar by an orc wizard

Illustrated notes

Levels and vault maps discovered:
D:1:      ncdulo_wetmaze, layout_loops_ring, hellmonk_ecumenical_altar_zigzags
D:2:      layout_basic
D:3:      layout_loops_ring, serial_shops, nicolae_shop_window_shopping,
          fountainhead
D:4:      layout_rooms, nicolae_shop_gadgets

Skill      XL: |  1  2  3 |
---------------+----------+-----
Conjurations   | 5 6 |  6.2
Spellcasting   | 4 |  4.6
Dodging        | |  2.4
Stealth        | |  2.4

Action                     |  1- 3 |  4- 6 || total
---------------------------+-------+-------++-------
   Cast: Magic Dart        |    10 |       ||    10
         Searing Ray       |    15 |     7 ||    22
 Armour: Robe              |     2 |       ||     2
  Dodge: Dodged            |     5 |     4 ||     9

Table legend: (Time is in decaauts)
 A = Elapsed time spent in this place.
 B = Non-inter-level travel time spent in this place.
 C = Inter-level travel time spent in this place.
 D = Time resting spent in this place.
 E = Time spent auto-exploring this place.
 F = Levels seen in this place.
 G = Mean time per level.
                   A        B        C        D        E       F      G
               +--------+--------+--------+--------+--------+-----+--------+
         Total |   1629 |   1629 |      0 |     33 |   1328 |   4 |  407.2 |
       Dungeon |   1629 |   1629 |      0 |     33 |   1328 |   4 |  407.2 |
               +--------+--------+--------+--------+--------+-----+--------+

Top non-repeatable levels by time:
     D:4: 740 daAuts
     D:3: 499 daAuts
     D:1: 332 daAuts
     D:2: 56 daAuts
